Map: Frozen Temple

Players

Nerchio

  • Race: Zerg Zerg

viOLet - Winner!

  • Race: Zerg Zerg

Event: IEM Season 11 - Shanghai

VOD

Have the link to the VOD?

Description

Time

  • Played on: July 29, 2016, 8:04 a.m.
  • Length: 12:52

All games in this series

Show
View Real Time Build Order
Export as new Build Order

Nerchio Zerg 

Build Orders: Pool First 

Get SALT Encoding   

  12  0:00  Drone  
  13  0:12  Overlord  
  13  0:17  Drone  
  14  0:31  Drone x2  
  14  0:34  Drone  
  17  0:45  Spawning Pool  
  17  0:49  Drone  
  17  1:09  Hatchery  
  16  1:12  Drone  
  16  1:16  Extractor  
  16  1:17  Drone  
  17  1:32  Queen, Zergling x2  
  19  1:33  Zergling x2  
  21  1:41  Overlord  
  21  1:49  Zergling x2  
  22  2:01  Zergling x2  
  23  2:08  Queen  
  25  2:11  Zergling x2  
  25  2:21  Zergling x2  
  25  2:22  Zergling x2  
  27  2:29  Metabolic Boost  
  25  2:34  Zergling x2  
  25  2:39  Drone  
  25  2:42  Drone  
  28  2:45  Drone  
  28  2:51  Drone  
  30  2:53  Drone  
  30  2:56  Drone  
  32  3:00  Drone  
  33  3:06  Overlord  
  33  3:13  Drone x2  
  33  3:18  Overlord  
  33  3:19  Drone x2  
  35  3:25  Drone x3  
  35  3:26  Drone  
  39  3:28  Drone  
  39  3:31  Zergling x2  
  41  3:38  Zergling x2  
  42  3:44  Zergling x6  
  45  4:01  Drone x2  
  47  4:05  Drone  
  47  4:06  Drone, Roach Warren  
  47  4:08  Drone  
  46  4:10  Drone  
  46  4:13  Drone  
  46  4:15  Drone, Hatchery  
  46  4:16  Drone  
  49  4:18  Drone  
  49  4:21  Overlord  
  50  4:27  Extractor  
  50  4:28  Lair  
  50  4:31  Drone  
  50  4:33  Overlord  
  50  4:36  Overlord  
  50  4:40  Evolution Chamber  
  50  4:43  Drone x2  
  51  4:48  Overlord  
  50  4:56  Roach x4  
  57  5:06  Roach x4  
  64  5:09  Zerg Missile Weapons Level 1  
  63  5:15  Spine Crawler  
  63  5:19  Drone  
  63  5:20  Overlord  
  63  5:25  Glial Reconstitution  
  63  5:27  Overlord  
  63  5:28  Overseer  
  63  5:30  Roach x2  
  67  5:39  Extractor  
  66  5:44  Roach x3  
  72  5:50  Roach  
  72  5:53  Roach, Zergling x2  
  72  5:54  Zergling x14  
  82  6:13  Roach x3  
  82  6:15  Drone x2  
  82  6:16  Drone  
  82  6:17  Overlord  
  91  6:20  Overlord  
  91  6:27  Evolution Chamber, Queen  
  92  6:34  Roach x2  
  92  6:37  Queen  
  98  6:41  Overlord  
  98  6:46  Roach x2  
  102  6:48  Overlord  
  102  6:54  Zerg Ground Armor Level 1  
  102  6:57  Drone x4  
  102  6:59  Ravager  
  102  7:00  Drone  
  108  7:05  Drone  
  108  7:06  Roach x2  
  113  7:20  Drone  
  113  7:21  Drone x6  
  113  7:22  Zerg Missile Weapons Level 2  
  120  7:27  Extractor  
  120  7:28  Roach x2  
  122  7:37  Drone x4  
  125  7:38  Roach  
  125  7:39  Roach x2  
  125  7:41  Roach  
  133  7:46  Extractor  
  133  7:48  Drone x3  
  133  7:49  Extractor, Drone  
  133  7:50  Drone x2  
  137  8:02  Spire, Overlord x2  
  137  8:05  Drone  
  137  8:11  Overlord  
  137  8:12  Overlord  
  137  8:13  Overlord  
  137  8:21  Overlord  
  137  8:29  Overlord  
  137  8:32  Drone  
  137  8:33  Roach x2  
  137  8:34  Roach x6  
  154  8:36  Roach  
  154  8:38  Roach  
  153  8:44  Roach  
  153  8:45  Roach x2  
  153  8:47  Roach  
  155  8:55  Roach  
  155  8:56  Roach x5  
  165  9:05  Roach x3  
  160  9:10  Ravager  
  160  9:11  Ravager x3  
  164  9:20  Hatchery  
  161  9:24  Overlord  
  161  9:27  Roach x2  
  161  9:28  Roach  
  158  9:32  Roach  
  158  9:36  Roach  
  140  9:39  Roach  
  140  9:44  Roach  
  116  9:49  Roach  
  108  9:56  Roach  
  108  9:57  Queen  
  108  9:59  Roach  
  99  10:03  Ravager x2  
  99  10:06  Roach  
  100  10:11  Roach  
  102  10:17  Roach  
  102  10:21  Roach  
  98  10:28  Roach  
  90  10:29  Roach x3  
  90  10:32  Roach  
  90  10:33  Roach  
  86  10:40  Roach  
  86  10:42  Roach  
  76  10:43  Roach  
  59  10:50  Queen x2  
  59  10:51  Roach  
  59  10:54  Roach  
  59  10:55  Roach  
  66  11:01  Roach  
  60  11:07  Roach  
  58  11:18  Drone x3  
  57  11:19  Drone  
  57  11:22  Drone  
  57  11:24  Ravager  
  57  11:25  Ravager  
  61  11:31  Drone  
  63  11:32  Drone  
  63  11:37  Drone  
  64  11:43  Roach  
  64  11:45  Roach  
  68  11:47  Ravager  
  68  11:48  Ravager  
  68  11:51  Roach  
  72  11:55  Roach  
  72  11:58  Roach  
  76  12:03  Roach  
  76  12:07  Roach  
  80  12:11  Zergling x8  
  80  12:15  Roach  
  86  12:18  Roach  
  90  12:23  Roach x2  
  90  12:26  Roach  
  96  12:30  Roach  
Show
View Real Time Build Order
Export as new Build Order

viOLet Zerg - Winner!

Build Orders: Pool First 

Get SALT Encoding   

  12  0:18  Spawning Pool  
  11  0:22  Drone  
  11  0:26  Drone  
  13  0:30  Drone  
  14  0:40  Overlord  
  14  1:04  Queen  
  14  1:05  Zergling x6  
  19  1:16  Zergling x2  
  20  1:27  Zergling x2  
  21  1:33  Hatchery  
  20  1:45  Overlord  
  20  1:51  Drone  
  21  2:01  Drone  
  22  2:02  Queen  
  24  2:12  Drone  
  24  2:13  Drone x2  
  27  2:17  Drone  
  28  2:27  Spine Crawler  
  28  2:28  Drone  
  26  2:35  Drone  
  26  2:37  Extractor  
  26  2:44  Queen  
  24  2:48  Zergling x4  
  24  2:50  Zergling x2  
  28  2:56  Zergling x4  
  30  3:01  Zergling x2  
  31  3:12  Drone  
  32  3:16  Drone, Overlord  
  32  3:18  Drone  
  34  3:22  Drone  
  34  3:27  Drone  
  36  3:35  Drone x2  
  36  3:36  Drone  
  39  3:43  Roach Warren  
  39  3:47  Drone x2  
  40  3:57  Drone x2  
  40  3:58  Drone x2  
  40  4:01  Drone  
  43  4:07  Evolution Chamber, Overlord  
  43  4:09  Drone  
  39  4:16  Metabolic Boost  
  39  4:23  Roach x2  
  43  4:25  Drone  
  43  4:27  Roach x2  
  43  4:31  Overlord  
  48  4:33  Drone  
  48  4:34  Drone  
  48  4:37  Drone  
  51  4:48  Drone  
  51  4:51  Overlord  
  52  4:56  Overlord  
  52  4:59  Drone x2  
  53  5:04  Extractor  
  51  5:09  Drone x4  
  51  5:13  Drone  
  56  5:17  Hatchery  
  55  5:21  Zergling x8  
  55  5:22  Zergling x2  
  60  5:29  Zerg Missile Weapons Level 1  
  60  5:32  Zergling x6  
  60  5:34  Zergling x10  
  68  5:39  Extractor  
  67  5:45  Lair  
  67  5:47  Drone  
  67  5:49  Overlord  
  68  5:56  Drone  
  68  6:03  Roach  
  68  6:04  Overlord x2, Roach x3  
  76  6:09  Roach x2  
  78  6:13  Roach  
  78  6:23  Roach  
  81  6:25  Roach  
  81  6:29  Roach  
  83  6:35  Roach x2  
  87  6:42  Roach x2  
  87  6:43  Roach x2  
  87  6:44  Glial Reconstitution  
  87  6:46  Overlord  
  87  6:47  Overlord x2  
  95  6:48  Drone x2  
  95  6:52  Drone  
  98  6:59  Drone  
  98  7:00  Drone x4  
  103  7:06  Drone x3  
  106  7:09  Drone x4  
  106  7:14  Overlord  
  106  7:15  Drone x2  
  112  7:26  Drone x3, Extractor  
  112  7:27  Extractor, Zerg Missile Weapons Level 2  
  113  7:35  Drone x2  
  113  7:36  Roach x2  
  113  7:37  Roach  
  121  7:39  Roach x3  
  121  7:40  Roach  
  131  7:44  Roach x2  
  131  7:45  Overlord  
  131  7:50  Overseer  
  133  7:52  Roach x2  
  133  7:55  Overlord x2  
  137  8:01  Drone  
  138  8:06  Roach  
  138  8:07  Overlord x3  
  138  8:08  Roach x2  
  143  8:16  Roach x2  
  143  8:17  Roach  
  149  8:26  Roach x2  
  153  8:29  Overlord  
  153  8:31  Roach x2  
  155  8:37  Roach  
  151  8:42  Hatchery  
  151  8:45  Roach  
  146  8:53  Roach x4  
  146  8:54  Roach x4  
  146  8:55  Roach x2  
  152  8:56  Roach  
  152  8:57  Roach x2  
  152  9:02  Roach  
  144  9:04  Roach  
  144  9:07  Roach  
  144  9:08  Roach x2  
  144  9:09  Ravager x4, Roach  
  138  9:10  Ravager  
  138  9:14  Roach  
  138  9:16  Roach  
  135  9:20  Roach  
  135  9:21  Roach  
  139  9:27  Roach x2  
  139  9:31  Roach  
  143  9:33  Roach x2  
  131  9:38  Roach  
  131  9:39  Roach  
  131  9:41  Roach x4  
  122  9:48  Roach  
  110  9:53  Roach  
  110  9:54  Roach  
  110  9:58  Roach  
  108  10:02  Queen x3  
  108  10:04  Roach  
  108  10:05  Roach  
  118  10:10  Ravager  
  118  10:12  Ravager  
  118  10:14  Ravager  
  121  10:20  Roach x2  
  117  10:24  Roach  
  117  10:25  Roach  
  115  10:29  Roach  
  115  10:30  Roach  
  115  10:31  Roach  
  115  10:32  Roach  
  115  10:35  Roach  
  113  10:38  Roach  
  113  10:40  Roach  
  108  10:44  Roach  
  108  10:47  Roach x2  
  107  10:50  Queen  
  107  10:52  Roach x2  
  107  10:53  Zergling x2  
  107  10:56  Roach  
  116  11:00  Roach  
  116  11:01  Roach  
  116  11:02  Roach  
  110  11:06  Roach  
  106  11:12  Roach x3, Zergling x2  
  105  11:21  Roach x2  
  105  11:22  Roach x2  
  105  11:25  Roach  
  108  11:29  Roach x2  
  108  11:30  Roach  
  114  11:33  Roach  
  114  11:34  Drone x2  
  114  11:35  Drone x2  
  120  11:43  Roach x2  
  120  11:45  Roach  
  120  11:46  Roach  
  128  11:50  Roach x4  
  136  12:02  Roach  
  136  12:03  Roach x5  
  146  12:12  Roach x4  
  154  12:17  Roach x2  
  158  12:24  Roach  
  158  12:25  Roach x2  
  164  12:33  Roach  

Tags
 
Add a new tag
Caveats
  • Supply blocks, unpowered buildings, or Contaminate may cause inaccurate times.
  • Supply counts are checked every 10 seconds.